 Dungeon Crawl Stone Soup version 0.28.0 (webtiles) character file.

Game seed: 310379291266857400

15 pkoi the Shooter (level 2, -1/25 HPs)
             Began as a Minotaur Hunter on Feb 7, 2022.
             Killed from afar by Natasha (7 damage)
             ... with a puff of flame
             ... on level 2 of the Dungeon.
             The game lasted 00:00:35 (986 turns).

pkoi the Shooter (Minotaur Hunter)                   Turns: 986, Time: 00:00:36

Health: -1/25      AC:  3    Str: 16    XL:     2   Next: 34%
Magic:  1/1        EV: 11    Int:  8    God:
Gold:   55         SH:  0    Dex: 10    Spells: 1/1 levels left

rFire   . . .      SeeInvis .   b - +0 short sword
rCold   . . .      Faith    .   (no shield)
rNeg    . . .      Spirit   .   c - +0 leather armour
rPois   .          Reflect  .   (helmet restricted)
rElec   .          Harm     .   (no cloak)
rCorr   .          Rampage  .   (no gloves)
Will    .....                   (no boots)
Stlth   +.........              (no amulet)
HPRegen 0.08/turn               (no ring)
MPRegen 0.07/turn               (no ring)

@: no status effects
A: horns 2, retaliatory headbutt
a: no special abilities


You were on level 2 of the Dungeon.
You visited 1 branch of the dungeon, and saw 2 of its levels.

You collected 55 gold pieces.

Inventory:

Hand Weapons
 a - a +1 shortbow
 b - a +0 short sword (weapon)
Missiles
 d - 20 arrows
Armour
 c - a +0 leather armour (worn)
Scrolls
 f - a scroll of identify {unknown}
 g - a scroll of silence {unknown}
Potions
 e - a potion of curing {unknown}
 h - a potion of brilliance {unknown}


   Skills:
 - Level 2.4 Fighting
 + Level 5.1 Bows
 - Level 2.1 Dodging
 - Level 0.7 Stealth


You had one spell level left.
You didn't know any spells.
Your spell library contained the following spells:

 Spells                   Type           Power      Damage    Failure   Level
 Magic Dart               Conj           0%         1d3       47%         1
 Call Imp                 Summ           0%         N/A       63%         2
 Mephitic Cloud           Conj/Pois/Air  0%         N/A       85%         3


Dungeon Overview and Level Annotations

Branches:
Dungeon (2/15)

Altars:

Annotations:
D:2 Natasha


Innate Abilities, Weirdness & Mutations

You have a pair of horns on your head.
You reflexively headbutt those who attack you in melee.


Message History

A frilled lizard is nearby!
The frilled lizard hisses angrily.
The frilled lizard bites you but does no damage.
You closely miss the frilled lizard.
Your headbutt misses the frilled lizard.
The frilled lizard bites you but does no damage.
You miss the frilled lizard.
Your headbutt misses the frilled lizard.
The frilled lizard bites you but does no damage.
You hit the frilled lizard.
You kill the frilled lizard!
No target in view!
No target in view!
No target in view!
No target in view!
No target in view!
Natasha, Servant of Life and Death comes into view.
She is carrying a wand of flame (19).
Natasha hisses angrily.
Natasha is nearby!
Natasha is nearby!
Natasha is nearby!
Found 21 sling bullets and 18 gold pieces.
Natasha zaps a wand.
The puff of flame hits you!
* * * LOW HITPOINT WARNING * * *
You are too injured to fight recklessly!
You are too injured to fight recklessly!
You are too injured to fight recklessly!
Natasha zaps a wand.
The puff of flame hits you!
* * * LOW HITPOINT WARNING * * *
A goblin comes into view. It is wielding a +0 dagger.
Found 4 gold pieces.
Natasha mumbles some strange words.
Natasha's front paws start to glow.
Natasha casts a spell at you. You resist with significant effort.
Found a stone staircase leading up.
You hit Natasha.
Natasha is lightly wounded.
Natasha zaps a wand.
The puff of flame hits you!
You die...

....... #...# .......#
##...#
..$....###########....#
.##(.#......#..........#
<.............######...#
.....#......### #...#
..g........# ##...#
.####.......### #<..##
......h@.......# #...#
.............#... ....#
..............#####...#
.$...?........# ##.##
..............# #.#
..............# #.#
..............# )#
..............#


You could see Natasha and a goblin.

Vanquished Creatures
  A dart slug (D:1)
  An endoplasm (D:1)
  A goblin (D:1)
  4 ball pythons (D:1)
  3 bats (D:1)
  3 frilled lizards
  3 rats (D:1)
16 creatures vanquished.

Notes
Turn   | Place    | Note
-------+----------+-------------------------------------------
     0 | D:1      | pkoi the Minotaur Hunter began the quest for the Orb.
     0 | D:1      | Reached XP level 1. HP: 18/18 MP: 0/0
   234 | D:1      | Reached XP level 2. HP: 25/25 MP: 1/1
   323 | D:1      | Reached skill level 5 in Bows
   981 | D:2      | Noticed Natasha
   986 | D:2      | Killed from afar by Natasha

Illustrated notes

Levels and vault maps discovered:
D:1:      lightli_arrival_flooded_house, layout_loops_ring, serial_aquarium,
          aquarium_bridge_square [aquarium_subvault_balcony,
          aquarium_subvault_balcony, aquarium_subvault_bridge,
          aquarium_subvault_window], aquarium_window_corridor_2,
          aquarium_window_1, aquarium_view_2a, aquarium_view_2c,
          aquarium_pool_1, feat_on_display
D:2:      layout_rooms, chequers_serial_rivers_micro_c, minmay_puff,
          uniq_natasha

Skill      XL: |  1  2 |
---------------+-------+-----
Bows           | 5 |  5.1
Fighting       | |  2.4
Dodging        | |  2.1
Stealth        | |  0.7

Action                   || total
-------------------------++-------
Melee: Short sword       ||    49
       Headbutt          ||     6
       Punch             ||     1
Armor: Leather armour    ||    16
Dodge: Dodged            ||    40
